 Dungeon Crawl Stone Soup version 0.22.1-1-ga44c0e56f4 (webtiles) character file.

267 Jynx the Changer (level 6, 0/38 HPs)
             Began as an Octopode Transmuter on Nov 5, 2018.
             Slain by a hobgoblin
             ... wielding a +0 club
              (7 damage)
             ... on level 4 of the Dungeon on Nov 6, 2018.
             The game lasted 00:08:15 (4134 turns).

Jynx the Changer (Octopode Transmuter)              Turns: 4134, Time: 00:08:16

Health: 0/38       AC:  1    Str:  9    XL:     6   Next: 21%
Magic:  9/10       EV: 13    Int: 15    God:
Gold:   111        SH:  0    Dex: 15    Spells: 1/11 levels left

rFire    x . .     SeeInvis .     - Unarmed
rCold    + . .     Gourm    .   (no shield)
rNeg     . . .     Faith    .   (helmet restricted)
rPois    .         Spirit   .   (no amulet)
rElec    .         Reflect  .   t - ring of ice
rCorr    .         Harm     .   (no ring)
MR       .....                  (no ring)
Stlth    ++........             (no ring)
HPRegen  0.12/turn              (no ring)
MPRegen  0.12/turn              (no ring)
                                (no ring)
                                (no ring)

@: no status effects
A: almost no armour, stealthy swim, amphibious, 8 rings, constrict 8, camouflage
1, gelatinous body 1
a: no special abilities


You were on level 4 of the Dungeon.
You were hungry.

You visited 1 branch of the dungeon, and saw 4 of its levels.

You collected 111 gold pieces.

Inventory:

Missiles
 a - 12 arrows
Jewellery
 t - a ring of ice (left tentacle)
Wands
 s - a wand of digging (16)
Scrolls
 f - a scroll of remove curse {unknown}
 j - a scroll of identify
 k - 2 scrolls of teleportation {unknown}
 l - a scroll of blinking {unknown}
 m - 2 scrolls of enchant armour {unknown}
 o - a scroll of random uselessness {unknown}
 p - a scroll of immolation {unknown}
 r - a scroll of fear {unknown}
Potions
 b - 2 potions of invisibility {unknown}
 d - a potion of agility {unknown}
 e - 2 potions of brilliance {unknown}
 g - a potion of flight {unknown}
 h - a potion of heal wounds {unknown}
 i - 2 potions of haste {unknown}
 n - 2 potions of might
 q - a potion of lignification {unknown}
 u - a potion of mutation {unknown}
Comestibles
 c - 9 rations
 v - 3 chunks of flesh


   Skills:
 - Level 1.0 Fighting
 - Level 2.0 Dodging
 + Level 4.2 Unarmed Combat
 + Level 3.3 Spellcasting
 * Level 4.7 Transmutations


You had one spell level left.
You knew the following spells:

 Your Spells              Type           Power        Failure   Level  Hunger
a - Beastly Appendage     Tmut           ###...       2%          1    #......
b - Sticks to Snakes      Tmut           ###.....     4%          2    ##.....
c - Spider Form           Tmut/Pois      #.........   22%         3    ###....
d - Ice Form              Ice/Tmut       ##......     58%         4    #####..

Your spell library contained the following spells:

 Spells                   Type           Power        Failure   Level  Hunger
 Blade Hands              Tmut           ###.......   61%         5    ######.


Dungeon Overview and Level Annotations

Branches:
Dungeon (4/15)
 Temple: D:4-7

Altars:
Elyvilon


Innate Abilities, Weirdness & Mutations

You cannot wear most types of armour.
You are very stealthy in the water. (Stealth+)
You are amphibious.
You can wear up to eight rings at the same time.
You can use your tentacles to constrict eight enemies at once.
Your skin changes colour to match your surroundings (Stealth+).
Your rubbery body absorbs attacks. (AC +1, EV +1)


Message History

You constrict the orc, but do no damage.
The orc priest calls down the wrath of Beogh upon you.
Beogh smites you!
* * * LOW HITPOINT WARNING * * *
The orc barely misses you.
You release your grip on the orc.
There is a stone staircase leading down here.
Items here: ) [[[ †† The hobgoblin hits you with a club.
* * * LOW HITPOINT WARNING * * *
You climb downwards.
There is a stone staircase leading up here.
You tentacle-slap the orc.
You kill the orc!
The hobgoblin misses you.
You barely miss the hobgoblin. You grab the hobgoblin.
You squeeze the hobgoblin.
The hobgoblin is moderately wounded.
You constrict the hobgoblin. The hobgoblin hits you with a club!
You die... #.####### #..g@).# #.#####.# #

You could see a hobgoblin.

Vanquished Creatures
  An orc priest (D:2)
  Terence (D:3)
  An orc wizard (D:3)
  Robin (D:3)
  6 adders
  An ooze (D:2)
  3 worms
  3 dart slugs
  5 leopard geckos
  12 orcs
  9 bats
  A giant cockroach (D:1)
  13 goblins
  8 hobgoblins
  3 jackals (D:2)
  3 frilled lizards
  8 kobolds
  9 rats
  A plant (D:1)
89 creatures vanquished.

Notes
Turn   | Place    | Note
-------+----------+-------------------------------------------
     0 | D:1      | Jynx the Octopode Transmuter began the quest for the Orb.
     0 | D:1      | Reached XP level 1. HP: 13/13 MP: 3/3
   144 | D:1      | Reached XP level 2. HP: 7/18 MP: 3/5
   511 | D:1      | Reached XP level 3. HP: 23/23 MP: 4/6
  1276 | D:2      | Learned a level 2 spell: Sticks to Snakes
  1280 | D:2      | Learned a level 3 spell: Spider Form
  1455 | D:2      | Reached XP level 4. HP: 25/28 MP: 5/7
  2753 | D:3      | Reached XP level 5. HP: 33/33 MP: 6/9
  3150 | D:3      | Learned a level 4 spell: Ice Form
  3339 | D:3      | Noticed Terence
  3352 | D:3      | Killed Terence
  3893 | D:3      | Reached XP level 6. HP: 33/38 MP: 8/10
  3906 | D:3      | Found a white marble altar of Elyvilon.
  4000 | D:3      | Noticed Robin
  4118 | D:3      | Killed Robin
  4134 | D:4      | Slain by a hobgoblin

Skill      XL: |  1  2  3  4  5 |
---------------+----------------+-----
Transmutations | 3 4 |  4.7
Spellcasting   | 3 |  3.3
Unarmed Combat | 4 |  4.2
Fighting       | |  1.0
Dodging        | |  2.0

Action                   |  1- 3 |  4- 6 || total
-------------------------+-------+-------++-------
Melee: Unarmed           |    95 |   137 ||   232
       Kick              |    17 |    18 ||    35
       Punch             |     3 |     4 ||     7
       Constrict         |    19 |    30 ||    49
       Tentacles         |    17 |    21 ||    38
 Cast: Beastly Appendage |    18 |    24 ||    42
       Spider Form       |       |     6 ||     6
  Use: Scroll            |       |     1 ||     1
 Stab: Sleeping          |     2 |       ||     2
  Eat: Chunk             |     2 |     9 ||    11
Armor: Skin              |     5 |     6 ||    11
Dodge: Dodged            |    46 |    82 ||   128
